 Dungeon Crawl Stone Soup version 0.28.0-49-g6dfe1f597d (webtiles) character file.

Game seed: 11135813926494146650

9 jjjjhere the Sneak (level 2, 0/26 HPs)
             Began as a Hill Orc Delver on May 17, 2022.
             Was an Initiate of Nemelex Xobeh.
             Succumbed to an adder's poison
             ... on level 5 of the Dungeon.
             The game lasted 00:00:50 (174 turns).

jjjjhere the Sneak (Hill Orc Delver)                 Turns: 174, Time: 00:00:51

Health: 0/26       AC:  4    Str: 14    XL:     2   Next: 12%
Magic:  2/2        EV: 11    Int: 10    God:    Nemelex Xobeh [......]
Gold:   0          SH:  0    Dex: 12    Spells: 1/1 levels left

rFire   . . .      SeeInvis .   a - +0 hand axe
rCold   . . .      Faith    .   (no shield)
rNeg    . . .      Spirit   .   b - +0 leather armour
rPois   .          Reflect  .   i - +0 helmet
rElec   .          Harm     .   (no cloak)
rCorr   .          Rampage  .   (no gloves)
Will    .....                   (no boots)
Stlth   ++........              (no amulet)
HPRegen 0.08/turn               (no ring)
MPRegen 0.08/turn               (no ring)

@: brilliant, lethally poisoned (0 -> -1)
A: no striking features
a: Renounce Religion, Draw Escape, Draw Destruction, Draw Summoning


You were on level 5 of the Dungeon.
You worshipped Nemelex Xobeh.
Nemelex Xobeh was noncommittal.
You visited 2 branches of the dungeon, and saw 3 of its levels.

Inventory:

Hand Weapons
 a - a +0 hand axe (weapon)
Missiles
 h - a poisoned dart (quivered)
Armour
 b - a +0 leather armour (worn)
 i - a +0 helmet (worn)
Wands
 g - a wand of digging (3)
Scrolls
 c - a scroll of fog
 d - a scroll of magic mapping
 e - 4 scrolls of fear
Potions
 f - a potion of haste


   Skills:
 - Level 3.6 Fighting
 + Level 3.8 Axes
 - Level 1.5 Dodging
 - Level 4.1 Stealth


You had one spell level left.
You didn't know any spells.
Your spell library was empty.

Dungeon Overview and Level Annotations

Branches:
Dungeon (5/15)             Temple (1/1) D:4

Altars:
Ashenzari
Cheibriados
Fedhas
Nemelex Xobeh
Qazlal
Ru
Zin

Annotations:
D:4 Blork the orc


Message History

You barely miss the adder. You punch the adder, but do no damage.
The adder is heavily wounded.
You feel sick. The adder misses you.
You closely miss the adder.
The adder is heavily wounded.
You feel sick. The adder bites you.
You are more poisoned.
The adder poisons you! The adder bites you but does no damage.
You hit the adder but do no damage.
The adder is heavily wounded.
You feel sick. The adder bites you.
You are more poisoned.
The adder poisons you! The adder bites you.
You barely miss the adder.
The adder is heavily wounded.
You feel very sick. The adder barely misses you.
It was a potion of brilliance.
You feel clever all of a sudden.
* * * LOW HITPOINT WARNING * * *
You feel sick.
The adder looks more healthy.
The adder closely misses you.
You closely miss the adder.
The adder is severely wounded.
* * * LOW HITPOINT WARNING * * *
You feel sick. The adder misses you. The adder barely misses you.
You hit the adder.
You kill the adder!
* * * LOW HITPOINT WARNING * * *
You feel sick.
Your Axes skill increases to level 3!
You have reached level 2!
Unknown command.
There is a lethal amount of poison in your body!
* * * LOW HITPOINT WARNING * * *
You feel sick.
Okay, then.
* * * LOW HITPOINT WARNING * * *
You feel sick.
You die...
Your body disappears without a glow.

####..## )....)
#######..######
..............#
#............#
#.###..####..# #..#
#..######## #..# #.<.......#
#@(# ##.######.# #.(# #.#
#.#. #.. #.# #..# #.# #.#.
#.. #.# #..# #.######.#.
###..##.# #..# #........#.
.....#.# #..# #######..#.
###...#.####..# #..#.
..............# ####..#.
#............########.......


There were no monsters in sight!

Vanquished Creatures
  An adder (D:5)
1 creature vanquished.

Notes
Turn   | Place    | Note
-------+----------+-------------------------------------------
     0 | D:5      | jjjjhere the Hill Orc Delver began the quest for the Orb.
     0 | D:5      | Reached XP level 1. HP: 19/19 MP: 1/1
    78 | D:4      | Found a staircase to the Ecumenical Temple.
    80 | D:4      | Noticed Blork the orc
    83 | Temple   | Entered the Ecumenical Temple
   113 | Temple   | Became a worshipper of Nemelex Xobeh the Trickster
   168 | D:5      | HP: 6/19 [poisoned by an adder]
   171 | D:5      | HP: 2/19 [poisoned by an adder]
   172 | D:5      | Reached XP level 2. HP: 3/26 MP: 2/2
   174 | D:5      | Succumbed to an adder's poison

Illustrated notes

Levels and vault maps discovered:
D:4:      layout_cave_pools, mainiacjoe_overflow_tiny_flanked,
          minmay_temple_entry_from_below_a, uniq_blork_the_orc
D:5:      layout_loops_ring
Temple:   cyrus_temple_forest

Skill      XL: |  1 |
---------------+----+-----
Axes           | 3 |  3.8
Fighting       | |  3.6
Dodging        | |  1.5
Stealth        | |  4.1

Action                   || total
-------------------------++-------
Melee: Hand axe          ||     7
       Punch             ||     1
Throw: Dart              ||     2
  Use: Potion            ||     1
Armor: Leather armour    ||     2
Dodge: Dodged            ||     5
